Map: Lost and Found LE

Players

OsakaFuriosa

  • Race: Terran Terran
  • League: Diamond
  • Spawn Location: 1:00

SewerMermaid - Winner!

  • Race: Protoss Protoss
  • League: Master
  • Spawn Location: 7:00

VOD

Have the link to the VOD?

Description

Time

  • Played on: Aug. 28, 2018, 6:58 p.m.
  • Length: 16:00
Show
View Real Time Build Order
Export as new Build Order

OsakaFuriosa Terran 

Build Orders:  

Get SALT Encoding   

  12  0:01  SCV  
  13  0:13  SCV  
  14  0:17  Supply Depot  
  14  0:25  SCV  
  15  0:38  SCV  
  15  0:41  Barracks  
  16  0:45  Refinery  
  16  0:51  SCV  
  18  1:04  SCV  
  18  1:16  SCV  
  19  1:28  Supply Depot, Bunker  
  19  1:29  Marine  
  20  1:34  SCV  
  21  1:47  Marine  
  17  2:04  Marine  
  17  2:12  SCV  
  18  2:22  Marine  
  16  2:27  Barracks  
  16  2:30  Orbital Command  
  16  2:32  Barracks  
  16  2:38  Bunker  
  16  2:57  Supply Depot  
  16  3:10  Supply Depot  
  16  3:18  Supply Depot  
  16  3:19  Marine, SCV  
  18  3:23  Marine x2  
  20  3:36  Marine  
  20  3:41  Marine  
  21  3:47  Marine  
  22  3:51  SCV  
  22  3:54  Marine  
  24  3:55  Factory  
  24  3:58  Marine  
  25  4:03  SCV  
  25  4:05  Marine  
  27  4:12  Marine  
  27  4:16  Marine, SCV  
  30  4:23  Supply Depot  
  30  4:28  SCV  
  31  4:40  SCV  
  31  4:42  Barracks Tech Lab  
  32  4:51  Cyclone  
  34  4:54  Barracks Reactor  
  34  4:56  Marine  
  35  5:01  Starport  
  35  5:02  SCV  
  35  5:10  Marine  
  35  5:13  Marine  
  36  5:27  Marine  
  37  5:31  Marine  
  38  5:35  Liberator  
  38  5:46  SCV  
  38  5:49  Refinery  
  42  6:00  Command Center  
  39  6:11  SCV  
  40  6:14  Marine x2  
  42  6:32  Marine x2  
  34  6:40  Marine  
  33  6:49  Cyclone, Marine  
  33  6:50  Cyclone, Marine  
  41  6:58  Supply Depot, Marine  
  42  7:06  SCV  
  42  7:07  Marine x2  
  45  7:15  Orbital Command  
  45  7:16  Marine  
  46  7:25  Marine  
  46  7:26  Marine  
  48  7:33  Marine  
  49  7:43  Marine  
  50  7:45  Factory Tech Lab  
  50  8:16  Barracks Tech Lab, Barracks Reactor  
  50  8:26  Marine x2  
  52  8:34  Command Center  
  52  8:43  Bunker  
  52  8:44  Marine x2  
  52  8:46  Orbital Command  
  54  8:52  Starport Reactor  
  54  9:02  Stimpack, Marine  
  55  9:05  Marine x4  
  55  9:09  SCV  
  60  9:15  SCV  
  61  9:19  Marine  
  61  9:21  SCV  
  61  9:23  Marine  
  64  9:38  Medivac x2  
  64  9:39  Barracks  
  64  9:40  Barracks  
  64  9:42  SCV  
  64  9:43  Factory Reactor, SCV  
  70  9:45  SCV  
  70  9:47  Marine x2  
  70  9:48  Marine x3  
  70  9:52  Engineering Bay  
  76  9:54  Supply Depot  
  76  9:55  SCV  
  76  9:56  Supply Depot  
  76  9:57  Orbital Command  
  77  10:08  SCV x2  
  77  10:13  Supply Depot  
  77  10:14  Marine x5  
  79  10:19  Terran Infantry Weapons Level 1  
  79  10:20  SCV  
  85  10:25  Supply Depot  
  85  10:26  Supply Depot  
  85  10:32  Marine x2  
  86  10:44  Factory Reactor  
  86  10:48  Marine x2  
  86  10:49  Starport Reactor  
  88  10:50  Marine  
  88  10:51  Marine x3  
  88  10:56  Supply Depot  
  92  10:59  Orbital Command  
  92  11:07  Combat Shields  
  92  11:09  Marine x2  
  92  11:11  Supply Depot  
  94  11:17  Refinery x2  
  94  11:18  Supply Depot  
  94  11:21  Supply Depot  
  94  11:26  SCV x3  
  94  11:32  Marine x3  
  98  11:33  Marine x2  
  98  11:34  Supply Depot  
  98  11:35  Marine x2  
  98  11:36  Marine x2  
  98  11:38  SCV x3  
  109  11:40  Supply Depot, Medivac x2  
  113  11:50  SCV  
  113  11:54  Marine x3  
  114  11:55  Engineering Bay, SCV x2  
  114  11:56  Armory  
  119  12:02  SCV  
  119  12:06  Widow Mine x2, Marine  
  119  12:07  Marine x3, SCV  
  129  12:10  Supply Depot, SCV  
  127  12:28  Missile Turret  
  127  12:34  Command Center  
  127  12:37  Missile Turret  
  127  12:40  Marine, Terran Infantry Armor Level 1  
  127  12:41  Marine x4  
  132  12:45  Marine x2  
  132  12:47  Widow Mine x2  
  132  12:50  SCV x2  
  111  13:24  Viking x2  
  105  13:32  Starport  
  99  13:41  SCV  
  99  13:45  Refinery  
  99  13:47  Refinery  
  100  14:00  Terran Ship Weapons Level 1  
  100  14:06  Viking x2  
  100  14:08  SCV  
  105  14:13  Marauder x2, Marine x4  
  105  14:14  Marine  
  114  14:21  Command Center  
  113  14:34  Marine x6  
  117  14:52  Marine x2  
  103  14:57  Marine  
  96  15:04  Marine  
  75  15:10  Marine x2  
  75  15:22  Marine  
  75  15:28  Marine  
Show
View Real Time Build Order
Export as new Build Order

SewerMermaid Protoss - Winner!

Build Orders:  

Get SALT Encoding   

  12  0:01  Probe  
  13  0:13  Probe  
  14  0:18  Pylon  
  14  0:25  Probe  
  15  0:37  Probe  
  15  0:40  Forge  
  16  0:49  Probe  
  17  1:01  Probe, Pylon  
  18  1:13  Probe  
  18  1:14  Assimilator  
  19  1:22  Photon Cannon  
  19  1:25  Photon Cannon  
  19  1:33  Probe  
  19  1:38  Pylon  
  20  1:45  Probe  
  21  1:47  Assimilator  
  21  1:51  Assimilator  
  21  2:02  Pylon  
  21  2:04  Pylon  
  20  2:25  Gateway, Probe  
  21  2:33  Probe  
  21  2:35  Gateway  
  21  2:43  Probe  
  23  2:57  Nexus  
  23  2:58  Probe  
  24  3:12  Cybernetics Core  
  24  3:18  Gateway  
  24  3:24  Zealot  
  26  3:28  Probe  
  27  3:43  Probe  
  28  3:51  Stalker  
  30  3:56  Probe, Shield Battery  
  31  4:03  Stargate  
  31  4:14  Probe  
  31  4:15  Pylon  
  32  4:21  Stalker  
  34  4:26  Probe  
  35  4:51  Stalker  
  37  4:53  Fleet Beacon, Probe  
  37  4:55  Pylon  
  37  4:56  Probe  
  39  5:01  Probe  
  40  5:08  Probe  
  41  5:21  Stalker  
  43  5:33  Tempest  
  43  5:38  Stalker  
  43  5:42  Robotics Facility  
  51  5:43  Probe  
  51  5:44  Assimilator  
  51  5:46  Assimilator  
  52  5:55  Probe  
  52  5:56  Shield Battery  
  53  6:08  Tempest  
  53  6:10  Stalker  
  55  6:13  Probe, Pylon  
  62  6:31  Probe x2  
  62  6:43  Probe x2  
  62  6:44  Stalker  
  66  6:52  Robotics Bay  
  66  6:55  Probe  
  66  6:57  Probe  
  68  7:05  Probe  
  68  7:07  Pylon  
  69  7:22  Pylon  
  69  7:23  Adept, Pylon  
  69  7:25  Tempest  
  77  7:30  Pylon  
  77  7:32  Colossus  
  81  8:01  Tempest  
  79  8:06  Warp Gate  
  79  8:07  Twilight Council  
  79  8:08  Extended Thermal Lance  
  79  8:10  Stalker  
  86  8:17  Colossus  
  86  8:19  Gateway  
  86  8:21  Gateway  
  86  8:23  Gateway  
  86  8:26  Pylon  
  86  8:27  Pylon  
  92  8:36  Shield Battery  
  92  8:39  Pylon  
  92  8:41  Pylon  
  92  8:50  Templar Archives  
  92  8:52  Pylon  
  92  8:58  Tempest  
  98  9:07  Pylon  
  98  9:16  Colossus  
  104  9:27  Psionic Storm  
  104  9:42  Nexus  
  104  9:57  Pylon  
  104  10:10  High Templar x2  
  104  10:14  Pylon  
  108  10:17  High Templar  
  110  10:21  Assimilator  
  110  10:26  Assimilator  
  110  10:36  High Templar  
  112  10:48  High Templar  
  114  10:50  Warp Prism  
  114  10:54  Probe  
  117  10:58  Probe  
  116  11:06  Probe  
  116  11:10  Probe  
  118  11:12  Mothership  
  118  11:15  Pylon  
  118  11:18  Probe  
  127  11:34  Stalker x4  
  135  11:42  Probe  
  135  11:44  Probe  
  136  11:52  Probe  
  137  11:54  Probe  
  137  11:57  Charge  
  137  11:58  High Templar x2  
  143  12:06  Probe  
  144  12:18  Probe  
  145  12:30  Stalker x3  
  145  12:31  Stalker  
  145  12:34  Probe  
  154  12:46  Probe  
  154  12:52  Gateway  
  154  12:54  Gateway  
  154  12:56  Gateway  
  148  13:01  Gateway  
  148  13:03  Gateway  
  147  13:05  Gateway  
  147  13:06  Probe  
  145  13:19  Probe  
  144  13:35  Stalker x4  
  152  13:56  Stalker  
  152  13:57  Stalker x3  
  152  13:58  Stalker x2  
  152  13:59  Stalker x3  
  170  14:28  High Templar  
  166  14:41  Stalker x2  
Tags
 
Add a new tag
Caveats
  • Supply blocks, unpowered buildings, or Contaminate may cause inaccurate times.
  • Supply counts are checked every 10 seconds.